 Dungeon Crawl Stone Soup version 0.27-a0-797-g27d10ad80f (webtiles) character file.

Game seed: 1226359496560753327

5 spiderkeys the Grave Robber (level 1, 13/13 HPs)
             Began as a Vampire Necromancer on Mar 28, 2021.
             Quit the game on level 1 of the Dungeon.
             The game lasted 00:01:52 (374 turns).

spiderkeys the Grave Robber (Vampire Necromancer)    Turns: 374, Time: 00:01:53

Health: 13/13      AC:  3    Str:  7    XL:     1   Next: 66%
Magic:  3/3        EV: 12    Int: 17    God:
Gold:   0          SH:  0    Dex: 14    Spells: 3/4 levels left

rFire    . . .     SeeInvis +   c - +0 dagger
rCold    . . .     Faith    .   (no shield)
rNeg     . . .     Spirit   .   a - +0 robe
rPois    .         Reflect  .   (no helmet)
rElec    .         Harm     .   b - +0 cloak
rCorr    .         Rampage  .   (no gloves)
Will     .....                  (no boots)
Stlth    ++........             (no amulet)
HPRegen  0.24/turn              (no ring)
MPRegen  0.08/turn              (no ring)

@: regenerating quickly
A: alive, fangs 3, see invisible, unbreathing 1, vampiric 1
a: Exsanguinate


You were on level 1 of the Dungeon.
You visited 1 branch of the dungeon, and saw 1 of its levels.

Inventory:

Hand Weapons
 c - a +0 dagger (weapon)
Armour
 a - a +0 robe (worn)
 b - a +0 cloak (worn)


   Skills:
 + Level 2.3 Dodging
 + Level 3.2 Stealth
 + Level 2.0 Spellcasting
 * Level 4.5 Necromancy


You had 3 spell levels left.
You knew the following spells:

 Your Spells              Type           Power      Damage    Failure   Level
a - Pain                  Necr           68%        1d7       3%          1

Your spell library contained the following spells:

 Spells                   Type           Power      Damage    Failure   Level
 Animate Skeleton         Necr           34%        N/A       3%          1
 Vampiric Draining        Necr           8%         2d7       9%          3
 Confusing Touch          Hex            1%         N/A       50%         3
 Gell's Gravitas          Tloc           0%         N/A       50%         3
 Animate Dead             Necr           8%         N/A       30%         4
 Agony                    Necr           17%        N/A       63%         5
 Petrify                  Tmut/Erth      1%         N/A       88%         4
 Metabolic Englaciation   Hex/Ice        0%         N/A       99%         5
 Yara's Violent Unravell  Hex/Tmut       0%         3d3       99%         5


Dungeon Overview and Level Annotations

Branches:
Dungeon (1/15)

Altars:


Innate Abilities, Weirdness & Mutations

Your natural rate of healing is unusually fast.
You have razor-sharp teeth.
You have supernaturally acute eyesight. (SInv)
You can survive without breathing.
You are afflicted with vampirism.


Message History

You kill the endoplasm!
HP restored.
Magic restored.
There is an open door here.
A goblin comes into view. It is wielding a +0 dagger.
The goblin shouts!
The goblin barely resists.
The goblin writhes in agony.
The goblin hits you with a +0 dagger.
The goblin writhes in agony.
You kill the goblin!
You are too depleted to draw on your mana recklessly!
An endoplasm comes into view.
You are too depleted to draw on your mana recklessly!
You are too depleted to draw on your mana recklessly!
Things that are here:
a +0 dagger; a goblin corpse
c - a +0 dagger
c - a +0 dagger (weapon)
An endoplasm is nearby!
The endoplasm barely resists.
The endoplasm writhes in agony.
The endoplasm freezes you.
You are frozen.
You hit the endoplasm but do no damage.
The endoplasm is almost dead.
The endoplasm closely misses you.
You hit the endoplasm.
You kill the endoplasm!
A hobgoblin comes into view.
The hobgoblin shouts!
The hobgoblin writhes in agony.
The hobgoblin barely misses you.
The hobgoblin writhes in agony.
You kill the hobgoblin!
You see here a goblin corpse.
There is an open door here.
An endoplasm comes into view.
You can't see any susceptible monsters within range! (Use Z to cast anyway.)
Okay, then.
Unknown command.
Are you sure you want to abandon this character and quit the game? (Confirm with "yes".)

#.# ≈ #.# ##.≈ #.# P...
#.# ..# ###.# .#
####...# .# ###......#
.# ##........# .#
##........@# # #
#.................
#######.................
#....#............#####J
..##..............#
###'##............#
##.####...........#
#†####...........#
##.#.##..........


You could see an endoplasm (asleep).

Vanquished Creatures
  2 endoplasms (D:1)
  A goblin (D:1)
  A hobgoblin (D:1)
4 creatures vanquished.

Notes
Turn   | Place    | Note
-------+----------+-------------------------------------------
     0 | D:1      | spiderkeys the Vampire Necromancer began the quest for the
                  | Orb.
     0 | D:1      | Reached XP level 1. HP: 13/13 MP: 3/3
   374 | D:1      | Quit the game

Illustrated notes

Levels and vault maps discovered:
D:1:      dpeg_cavernosity, layout_basic, hex_intersection, st_stairs_4,
          minmay_small_reverse_x

Action                   || total
-------------------------++-------
Melee: Dagger            ||     2
 Cast: Pain              ||     9
Dodge: Dodged            ||     2

Table legend: (Time is in decaauts)
 A = Elapsed time spent in this place.
 B = Non-inter-level travel time spent in this place.
 C = Inter-level travel time spent in this place.
 D = Time resting spent in this place.
 E = Time spent auto-exploring this place.
 F = Levels seen in this place.
 G = Mean time per level.
                   A        B        C        D        E       F      G
               +--------+--------+--------+--------+--------+-----+--------+
         Total |    373 |    354 |     19 |      0 |    329 |   1 |  373.0 |
       Dungeon |    373 |    354 |     19 |      0 |    329 |   1 |  373.0 |
               +--------+--------+--------+--------+--------+-----+--------+

Top non-repeatable levels by time:
     D:1: 373 daAuts
